Map: Automaton LE

Players

Cham

  • Race: Zerg Zerg
  • League: Grandmaster
  • Spawn Location: 3:00

Lambo - Winner!

  • Race: Zerg Zerg
  • League: Grandmaster
  • Spawn Location: 9:00

VOD

Have the link to the VOD?

Description

Time

  • Played on: Jan. 9, 2019, 4:32 p.m.
  • Length: 9:18
Show
View Real Time Build Order
Export as new Build Order

Cham Zerg 

Build Orders: Hatch First, Lurkers 

Get SALT Encoding   

  12  0:00  Drone  
  13  0:09  Drone  
  14  0:18  Overlord  
  14  0:38  Drone x3  
  17  0:55  Hatchery  
  16  0:59  Drone  
  16  1:03  Drone  
  18  1:09  Extractor  
  17  1:19  Spawning Pool  
  17  1:22  Drone x2  
  18  1:33  Drone  
  19  1:51  Overlord  
  19  2:05  Drone x2  
  21  2:09  Queen x2  
  21  2:10  Metabolic Boost  
  21  2:14  Zergling x2  
  27  2:15  Zergling x2  
  27  2:18  Drone  
  28  2:25  Drone  
  28  2:28  Drone  
  30  2:41  Hatchery  
  29  2:45  Drone  
  29  2:46  Drone  
  31  2:54  Baneling Nest  
  31  2:56  Overlord  
  30  2:59  Zergling x2  
  30  3:02  Drone  
  32  3:09  Drone x2  
  32  3:12  Overlord  
  34  3:18  Drone  
  34  3:19  Drone x2  
  37  3:22  Drone  
  37  3:27  Overlord  
  38  3:31  Drone x2  
  40  3:36  Drone x2  
  40  3:38  Drone  
  43  3:41  Baneling  
  43  3:45  Zergling x2  
  43  3:46  Drone  
  45  3:49  Drone  
  45  3:51  Queen  
  45  3:53  Drone  
  45  3:55  Drone  
  50  3:57  Drone  
  50  3:58  Drone  
  50  4:02  Drone x2  
  54  4:06  Drone x2  
  54  4:07  Drone  
  57  4:17  Drone  
  57  4:19  Zergling x4  
  57  4:23  Overlord  
  57  4:24  Drone x3  
  61  4:26  Drone x3  
  61  4:27  Overlord  
  65  4:32  Lair  
  65  4:34  Roach Warren  
  64  4:39  Extractor x2, Evolution Chamber  
  64  4:40  Drone x2  
  64  4:41  Drone  
  64  4:43  Drone  
  65  4:46  Drone  
  65  4:48  Drone  
  65  4:50  Drone  
  68  4:58  Drone  
  68  4:59  Overlord, Drone  
  70  5:01  Drone  
  70  5:02  Zergling x6, Drone x2  
  70  5:03  Drone x2  
  70  5:05  Drone  
  70  5:06  Extractor  
  77  5:07  Pneumatized Carapace  
  77  5:08  Extractor  
  77  5:12  Extractor  
  75  5:14  Zerg Missile Weapons Level 1, Drone x2  
  75  5:15  Drone  
  75  5:20  Hatchery  
  77  5:24  Drone  
  77  5:25  Drone x2  
  77  5:27  Overlord  
  82  5:28  Roach  
  82  5:29  Roach  
  82  5:30  Overlord  
  82  5:32  Overseer  
  82  5:33  Glial Reconstitution  
  84  5:37  Overlord  
  84  5:39  Roach  
  84  5:40  Roach  
  88  5:46  Roach  
  88  5:48  Roach x3  
  88  5:49  Roach x2  
  100  5:51  Baneling  
  100  5:53  Baneling x2  
  100  5:55  Roach  
  102  5:58  Drone x2  
  102  5:59  Overlord  
  102  6:04  Baneling x2  
  102  6:07  Drone x2  
  103  6:15  Drone  
  103  6:17  Spore Crawler  
  103  6:19  Drone  
  103  6:20  Drone x2  
  103  6:21  Drone  
  103  6:22  Drone x4  
  111  6:27  Spore Crawler  
  111  6:28  Spore Crawler, Drone x3  
  111  6:31  Spore Crawler  
  111  6:32  Spore Crawler  
  109  6:34  Hydralisk Den  
  109  6:36  Infestation Pit  
  109  6:37  Spore Crawler  
  109  6:38  Spore Crawler, Baneling  
  109  6:39  Spore Crawler x2  
  102  6:40  Drone  
  102  6:41  Drone x3  
  102  6:44  Spore Crawler  
  105  6:47  Ravager  
  99  6:56  Roach  
  99  6:57  Roach x4  
  109  7:04  Roach x4, Spore Crawler  
  109  7:06  Spore Crawler  
  109  7:08  Hydralisk x3  
  115  7:16  Lurker Den  
  115  7:17  Drone x4  
  115  7:19  Spore Crawler  
  115  7:22  Hydralisk  
  118  7:29  Overlord x2  
  118  7:36  Drone x2  
  118  7:45  Grooved Spines  
  118  7:46  Overlord x3  
  118  7:47  Overlord  
  118  7:50  Spore Crawler  
  117  7:52  Spore Crawler  
  117  7:53  Spore Crawler  
  117  7:55  Infestor x2  
  119  8:00  Infestor  
  119  8:06  Spore Crawler  
  119  8:07  Hydralisk x3  
  119  8:10  Spore Crawler  
  117  8:26  Hydralisk x5  
  115  8:27  Hydralisk  
  109  8:36  Spore Crawler  
  109  8:37  Queen x3  
  109  8:39  Hydralisk x2  
  116  8:50  Hydralisk x2  
  116  8:53  Lurker  
  116  8:55  Lurker x2  
  119  8:56  Lurker  
  119  8:57  Spore Crawler  
  116  9:03  Spore Crawler  
Show
View Real Time Build Order
Export as new Build Order

Lambo Zerg - Winner!

Build Orders: Hatch First, Muta Ling Bane 

Get SALT Encoding   

  12  0:00  Drone  
  13  0:12  Overlord  
  13  0:17  Drone  
  14  0:31  Drone x2  
  16  0:49  Hatchery  
  15  0:52  Drone  
  15  0:56  Drone  
  17  0:59  Drone  
  18  1:10  Extractor  
  17  1:15  Spawning Pool  
  16  1:18  Drone  
  16  1:21  Drone  
  18  1:28  Drone  
  19  1:39  Drone  
  20  1:52  Overlord  
  20  2:02  Drone  
  20  2:04  Queen x2, Drone  
  26  2:10  Metabolic Boost  
  26  2:13  Drone  
  26  2:14  Drone  
  28  2:24  Zergling x4  
  30  2:36  Hatchery  
  29  2:38  Drone  
  29  2:41  Drone  
  31  2:46  Drone  
  31  2:47  Drone  
  33  2:52  Baneling Nest  
  33  2:57  Overlord  
  32  2:59  Drone  
  32  3:05  Zergling x2  
  34  3:06  Zergling x2  
  35  3:13  Drone  
  35  3:17  Drone x4  
  35  3:19  Drone  
  41  3:23  Evolution Chamber  
  41  3:26  Queen  
  42  3:31  Overlord  
  42  3:34  Drone  
  42  3:37  Drone  
  44  3:49  Drone x2  
  44  3:50  Zerg Melee Weapons Level 1  
  44  3:51  Drone x2  
  44  3:52  Drone x3  
  44  3:54  Extractor  
  44  3:55  Baneling  
  50  3:56  Extractor  
  50  3:59  Drone  
  50  4:05  Drone x2  
  51  4:10  Drone x3  
  51  4:15  Overlord  
  54  4:24  Drone x3  
  56  4:25  Overlord  
  57  4:31  Lair  
  57  4:32  Overlord  
  57  4:34  Drone  
  57  4:35  Roach Warren, Drone x2  
  57  4:37  Drone  
  60  4:41  Overlord  
  60  4:42  Extractor  
  60  4:44  Drone x2  
  61  4:46  Drone  
  61  4:47  Drone  
  61  4:49  Drone  
  64  4:53  Drone x3  
  64  4:54  Drone  
  64  4:56  Drone  
  64  4:59  Drone x2  
  71  5:00  Drone x2  
  71  5:07  Extractor x2, Drone  
  72  5:11  Drone  
  73  5:17  Drone  
  73  5:18  Overlord  
  74  5:22  Zergling x8  
  74  5:27  Zergling x6  
  74  5:28  Zergling x2  
  82  5:31  Spire  
  82  5:33  Hatchery  
  82  5:34  Overseer  
  80  5:36  Zergling x6  
  80  5:41  Zergling x6  
  86  5:45  Overlord  
  86  5:46  Zergling x2  
  87  5:51  Zerg Melee Weapons Level 2  
  87  5:52  Overlord  
  87  5:53  Zergling x8  
  87  5:56  Overlord  
  90  5:58  Zergling x2  
  90  6:03  Zergling x2  
  90  6:04  Zergling x8  
  96  6:10  Zergling x6  
  94  6:26  Drone x9  
  101  6:45  Queen  
  102  6:51  Mutalisk x2  
  102  6:52  Mutalisk x7  
  115  6:54  Extractor  
  115  6:55  Extractor  
  115  6:57  Mutalisk x4  
  120  7:05  Mutalisk x2  
  120  7:06  Mutalisk x2  
  126  7:13  Zerg Flyer Weapons Level 1  
  125  7:17  Drone x3  
  127  7:25  Overlord  
  127  7:27  Overlord, Hatchery  
  127  7:29  Overlord  
  123  7:31  Mutalisk x4  
  125  7:39  Centrifical Hooks  
  125  7:41  Zergling x6  
  125  7:43  Baneling x5  
  127  7:49  Mutalisk, Drone x3  
  127  7:51  Overlord  
  132  7:53  Zergling x12  
  138  8:00  Mutalisk x3  
  142  8:15  Mutalisk x3  
  142  8:19  Zergling x22  
  159  8:25  Zergling x10  
  160  8:32  Mutalisk  
  155  8:43  Mutalisk x5  
  155  8:45  Overlord  
  155  8:47  Overlord  
  163  8:54  Zergling x6  
  163  8:55  Zergling x2, Infestation Pit  
  166  9:00  Overlord  
Tags
 
Add a new tag
Caveats
  • Supply blocks, unpowered buildings, or Contaminate may cause inaccurate times.
  • Supply counts are checked every 10 seconds.